[Event "Chpt France Universitaire 2024"]
[Site "Bastia, France"]
[Date "2024.04.07"]
[Round "9.8"]
[White "Mathieu, Phileas"]
[Black "Dubuisson, Samuel"]
[Result "1-0"]
[TimeControl "15min+5s"]
[WhiteElo "2325"]
[BlackElo "2129"]

1. e4 c5 2. Nf3 d6 3. d4 cxd4 4.
Nxd4 Nf6 5. Nc3 a6 6. a3 Nc6 7.
Bg5 e6 8. Bc4 Be7 9. h4 Bd7 10. Qd2 Nxd4 11. Qxd4 Bc6 12. O-O-O h6 13. Be3 Qc7 14. f3 Rc8 15. Bb3 Rg8 16.
Kb1 Nd7 17. Bf4 e5 18. Qc4 Rf8 19. Be3 b5 20. Qe2 Nc5 21. Bd5 Bd7 22. Ba2 Be6 23. Nd5 Bxd5 24. Rxd5 Na4 25. Rhd1 Bxh4 26. Rxd6 Be7 27. Rxa6 Qb7 28.
Ra7 Qc6 29. Bd5 Nc3+ 30. bxc3 Qxc3 31. Qxb5+ 1-0

[Event "Chpt France Universitaire 2024"]
[Site "Bastia, France"]
[Date "2024.04.07"]
[Round "9.9"]
[White "Soreda, Matteo"]
[Black "Defromont, Benjamin"]
[Result "0-1"]
[TimeControl "15min+5s"]
[WhiteElo "1954"]
[BlackElo "2393"]

1. e4 c5 2. Nf3 Nc6 3. Bb5 Nf6 4. Bxc6 dxc6 5. d3 Bg4 6.
h3 Bh5 7. Be3 e6 8. Nbd2 Be7 9. a4 Qc7 10. a5 h6 11. Nc4 g5 12. Qd2 Nd7 13. Qc3 O-O-O 14. Nfd2 f5 15. f3 Bf6 16.
Qa3 Bd4 17. Bxd4 cxd4 18. Nd6+ Kb8 19. N2c4 fxe4 20. dxe4 Ne5 21. Qc5 Nxc4 22. Nxc4 d3 23. O-O-O Qf4+ 24. Kb1 d2 25. a6 Rh7 26. axb7 Be8 27. Ne5 Rxb7 28. Nd3 Qc7 29. Rxd2 Rb5 30. Qc3 Ka8 31. b3 Rdb8 32. Nb2 e5 33. Rhd1 Qb6 34. Rd6 Rc5 35.
Qd2 Rb5 36. Rxh6 Qa6 37. Nc4 Rxb3+ 38. cxb3 Qxc4 39. Qd8 Qxb3+ 40. Kc1 Qb2# 0-1

[Event "Chpt France Universitaire 2024"]
[Site "Bastia, France"]
[Date "2024.04.07"]
[Round "9.10"]
[White "Lordier, Sophia"]
[Black "Cahen, Alexis"]
[Result "0-1"]
[TimeControl "15min+5s"]
[WhiteElo "1934"]
[BlackElo "2060"]

1. d4 Nf6 2. c4 c5 3. d5 b5 4. cxb5 a6 5. bxa6 Bxa6 6. Nc3 d6 7. e4 Bxf1 8. Kxf1 g6 9. g3 Bg7 10. Kg2 Nbd7 11. Nf3 O-O 12. a4 Qb6 13.
Qe2 Rfb8 14. Nb5 Ne8 15. Ra3 Nc7 16. Nxc7 Qxc7 17. b3 Rb7 18. Be3 Rab8 19. Qc2 Qa5 20. Bd2 Qa6 21. Rc1 Nf6 22.
Bc3 Rb6 23. h4 h6 24. Rd1 Qb7 25. Nd2 Ng4 26. Bxg7 Kxg7 27. Qc3+ Kg8 28. f3 Ne5 29. f4 Ng4 30. Qf3 h5 31.
a5 Ra6 32. Nc4 Qb4 33. Rb1 Rb5 34. Qd3 Rb8 35. Rba1 Qb5 36. Qf3 Qb4 37. Qd3 Qb5 38. e5 Qb7 39. f5 Nxe5 40. Nxe5
dxe5 41. fxg6 Rxg6 42. a6 Qa7 43. Rf1 Rbb6 44. Qf5 Rbf6 45. Qc8+ Kg7 46. Rxf6 Rxf6 47. Qb7 Qxb7 48. axb7 Rb6 49. Ra5 0-1

[Event "Chpt France Universitaire 2024"]
[Site "Bastia, France"]
[Date "2024.04.07"]
[Round "9.11"]
[White "Arcelin, Gael"]
[Black "Blanquet, Camille"]
[Result "1-0"]
[TimeControl "15min+5s"]
[WhiteElo "2126"]
[BlackElo "2035"]

1. e4 c6 2. d4 d5 3. e5 c5 4. c3 cxd4 5. cxd4 Nc6 6.
Be2 Bf5 7. Nf3 e6 8. O-O Qb6 9. Nc3 Bg6 10. Na4 Qc7 11. Bf4 Nge7 12. Rc1 Nf5 13. g4 Nfe7 14. b4 a6 15. Ne1 Rc8 16.
Nc5 Qb6 17. a3 h5 18. h3 hxg4 19. hxg4 Be4 20. f3 Bg6 21. Kg2 Ng8 22. Be3 Bxc5 23. bxc5 Qd8 24. Rh1 Rxh1 25. Kxh1 Qh4+ 26. Kg2 f5 27.
exf6 gxf6 28. Nd3 e5 29. dxe5 fxe5 30. Nxe5 Nxe5 31. Qxd5 Nf7 32. Qe6+ Ne7 33. Rh1 Nd8 34. Qe5 Nf7 35. Qg7 Qxh1+ 36. Kxh1 Rc6 37. Qb2 Re6 38. Bf2 Ng5 39. Bc4 Rc6 40. Kg2 Rc7 41. Qe5 1-0

[Event "Chpt France Universitaire 2024"]
[Site "Bastia, France"]
[Date "2024.04.07"]
[Round "9.12"]
[White "Fischer, Thorange"]
[Black "Hingouet, Matthieu"]
[Result "1-0"]
[TimeControl "15min+5s"]
[WhiteElo "1924"]
[BlackElo "2210"]

1. Nf3 d5 2. g3 Nf6 3. Bg2 c5 4. O-O e6 5. d3 Nc6 6.
Nbd2 g6 7. e4 Bg7 8. Re1 O-O 9. Qe2 b6 10. Nf1 Ba6 11. e5 Nd7 12. Bf4 b5 13. h4 Rc8 14. N1h2 Nd4 15. Nxd4 cxd4 16. Ng4 Rc6 17. h5 gxh5 18. Nh6+ Kh8 19. Qxh5 Qe8 20. Rac1 f5 21. Qh3 Qg6 22. Bf3 Rfc8 23. Bh5 Qxh6 24. Bxh6 Bxh6 25. f4 b4 26. Be8 Rxe8 27. Qxh6 Rg8 28. Kf2 Rg6 29. Qh4 Nf8 30. Rh1 Kg8 31. Qe7 Rb6 32. Rh3 Rg7 33. Qf6 Rf7 34. Qd8 Rd7 35. Qe8 Bb5 36. Qh5 Rc6 37. Ke2 Rc8 38. Kd2 Rg7 39. Rg1 Be8 40. Qf3 Rgc7 41. Rc1 a5 42. g4 fxg4 43. Qxg4+ Bg6 44. Rf3 Rf7 45. Qg5 a4 46. b3 a3 47. Qg4 Kh8 48. Rg3 Kg8 49. Rf3 Kh8 50. Rf2 Bf5 51. Qh4 Bg6 52. Rg1 Rfc7 53. Kd1 Rf7 54. Qh6 Kg8 55. Qg5 Kg7 56. f5 exf5 57. Rxf5 Rcc7 58. Rxf7+ Rxf7 59. Ke2 Ne6 60. Qg3 Nf4+ 61. Kd2 Nh5 62. Qg2 Nf4 63. Qh1 Rf5 64. Rf1 h5 65. Qh4 Ng2 66. Qe7+ Kh6 67. Rxf5 Bxf5 68. Qf6+ Bg6 69. e6 Ne3 70. e7 Ng4 71. Qf4+ Kg7 72. Qf8+ Kh7 73. e8=Q Bxe8 74. Qxe8 Kh6 75. Qe6+ Kg5 76. Qxd5+ Kh4 77. Qxd4 Kh3 78. Ke2 h4 79. Kf3 Nh2+ 80. Kf2 Ng4+ 1-0